 Dungeon Crawl Stone Soup version 0.30-a0-1050-g2766ea1e55 (webtiles) character file.

Game seed: 16558629652240278621

51140 Ic0nGaming the Severer (level 15, -1/85 HPs)
             Began as a Kobold Fighter on Apr 10, 2023.
             Was a High Priest of Okawaru.
             Killed from afar by a storm dragon (31 damage)
             ... with a bolt of lightning
             ... on level 10 of the Dungeon.
             The game lasted 00:35:32 (16293 turns).

Ic0nGaming the Severer (Kobold Fighter)            Turns: 16293, Time: 00:35:32

Health: -1/85      AC: 19    Str: 19    XL:     15   Next: 0%
Magic:  23/23      EV: 16    Int:  9    God:    Okawaru [*****.]
Gold:   1024       SH:  8    Dex: 20    Spells: 14/14 levels left

rFire   . . .      SeeInvis .    s - +4 war axe (elec)
rCold   . . .      Faith    .    c - +1 buckler
rNeg    . . .      Spirit   .    E - +0 swamp dragon scales
rPois   +          Reflect  .    r - +2 hat
rElec   .          Rampage  .    u - +0 cloak
rCorr   +                        I - +0 pair of fencer's gloves {Riposte Dex+3}
Will    +....                    o - +0 pair of boots
Stlth   ++++                     M - amulet of regeneration
HPRegen 1.14/turn                i - +4 ring of protection
MPRegen 0.18/turn                L - ring of resist corrosion

@: mighty, heroic
A: small, no large weapons, nightstalker 3
a: Renounce Religion, Heroism, Finesse, Duel


You were on level 10 of the Dungeon.
You worshipped Okawaru.
Okawaru was extremely pleased with you.
You visited 3 branches of the dungeon, and saw 16 of its levels.

You collected 1167 gold pieces.
You spent 143 gold pieces at shops.

Inventory:

Hand Weapons
 a - a +0 rapier
 f - a +1 whip of venom
 s - a +4 war axe of electrocution (weapon)
Missiles
 m - 13 poisoned darts
 t - 12 boomerangs (quivered)
 w - 2 silver boomerangs
 G - 3 throwing nets
Armour
 c - a +1 buckler (worn)
 o - a +0 pair of boots (worn)
 r - a +2 hat (worn)
 u - a +0 cloak (worn)
 E - +0 swamp dragon scales (worn)
 I - the +0 pair of fencer's gloves (worn) {Riposte Dex+3}
   (You found it on level 2 of the Lair of Beasts)

   Riposte:   It allows the wearer to riposte with melee weapons, swiftly
   retaliating against missed or blocked melee attacks.
   Dex:       It affects your dexterity (+3).
Jewellery
 i - a +4 ring of protection (left hand)
 L - a ring of resist corrosion (right hand)
 M - an amulet of regeneration (around neck)
Wands
 b - a wand of flame (7)
 q - a wand of quicksilver (7)
 A - a wand of paralysis (22)
 B - a wand of iceblast (10)
 C - a wand of digging (15)
 P - a wand of polymorph (3)
Scrolls
 h - 4 scrolls of magic mapping
 v - 3 scrolls of teleportation
 y - 2 scrolls of enchant armour
 D - 2 scrolls of fog
 F - 4 scrolls of brand weapon
 H - a scroll of amnesia
 K - 4 scrolls of identify
Potions
 d - 2 potions of might
 e - 2 potions of curing
 g - 3 potions of cancellation
 j - a potion of haste
 k - a potion of heal wounds
 l - 3 potions of mutation
 n - 2 potions of flight
 p - 5 potions of attraction
 x - a potion of magic
 z - 3 potions of invisibility
 J - 2 potions of berserk rage
Miscellaneous
 N - a phial of floods


   Skills:
 - Level 6.7(11.7) Fighting
 - Level 3.4(8.4) Short Blades
 - Level 15.4(21.1) Axes
 - Level 8.3(18.5) Maces & Flails
 + Level 2.5(7.5) Armour
 + Level 0.7(5.7) Dodging
 - Level 1.2(6.2) Stealth
 + Level 2.5(7.5) Shields
 - Level 11.0 Invocations
 - Level 10.7 Evocations


You had 14 spell levels left.
You didn't know any spells.
Your spell library contained the following spells:

 Spells                   Type           Power      Damage    Failure   Level
 Poisonous Vapours        Pois/Air       0%         N/A       80%         2
 Static Discharge         Conj/Air       0%         2-2/arc   80%         2
 Inner Flame              Hex/Fire       0%         N/A       95%         3
 Airstrike                Air            0%         2d(0-16)  100%        4
 Yara's Violent Unravell  Hex/Tmut       0%         3d3       100%        5
 Enfeeble                 Hex            0%         N/A       100%        7
 Orb of Destruction       Conj           0%         9d5       100%        7
 Summon Guardian Golem    Hex/Summ       Unusable   N/A       N/A         3
 Animate Armour           Summ/Erth      Unusable   N/A       N/A         4
 Summon Lightning Spire   Summ/Air       Unusable   N/A       N/A         4
 Malign Gateway           Summ/Tloc      Unusable   N/A       N/A         7
 Spellforged Servitor     Conj/Summ      Unusable   N/A       N/A         7

Dungeon Overview and Level Annotations

Branches:
Dungeon (10/15)            Temple (1/1) D:4            Lair (5/5) D:8
  Swamp (0/4) Lair:2       Spider (0/4) Lair:2        Slime (0/5) Lair:4
    Orc (0/2) D:10

Altars:
Ashenzari
Cheibriados
Dithmenos
Fedhas
Gozag
Hepliaklqana
Kikubaaqudgha
Makhleb
Okawaru
Qazlal
Ru
Trog
Uskayaw
Vehumet
Wu Jian
Xom
Yredelemnul
Zin
The Shining One
Jiyva

Shops:
D:2 !

Annotations:
Lair:4 exclusion: 4 oklob plants


Innate Abilities, Weirdness & Mutations

You are small and have problems with some larger weapons.
You are completely attuned to the shadows.


Message History

Okay, then.
You closely miss the storm dragon.
The storm dragon is moderately wounded.
The storm dragon bites you! The storm dragon closely misses you.
The storm dragon misses you.
You feel very mighty all of a sudden. You block the storm dragon's attack.
The storm dragon claws you but does no damage.
The storm dragon tramples you!
You stumble backwards!
You hit the storm dragon.
The storm dragon is moderately wounded.
The storm dragon breathes lightning at you.
The bolt of lightning misses you.
You hit the storm dragon but do no damage.
The storm dragon is moderately wounded.
The storm dragon bites you!
* * * LOW HITPOINT WARNING * * *
The storm dragon closely misses you. You block the storm dragon's attack.
Unknown command.
You feel much better. The storm dragon bites you! The storm dragon misses you.
The storm dragon tramples you but does no damage.
You slash the storm dragon!
The storm dragon is heavily wounded.
The storm dragon barely misses you.
The storm dragon claws you but does no damage.
You block the storm dragon's attack.
You riposte.
You hit the storm dragon.
The storm dragon is heavily wounded.
You slash the storm dragon!
The storm dragon is severely wounded.
You barely miss the storm dragon.
The storm dragon is severely wounded.
The storm dragon bites you.
The storm dragon claws you but does no damage.
You block the storm dragon's attack.
You riposte.
You slash the storm dragon!
The storm dragon is severely wounded.
You slice the storm dragon!!
The storm dragon is almost dead.
The storm dragon breathes lightning at you.
The bolt of lightning hits you!!
You die...

.....# ...>....8
#....#### .........
#........ .........
#..)..... ...8))...
#........
#.....#######........
...)D................
...#@................
...#.................
.. #.................
#.................
.#..!..............
.........#########.
≈§§§§≈≈≈.# #.
..§§§..≈.# #.
.≈≈§≈..≈.# #.


You could see a storm dragon (catching breath).

Vanquished Creatures
  The ghost of CryoSword the Martial Artist, a journeyman DsMo of Makhleb (Lair:3)
  2 hydras
  Harold (D:9)
  A boulder beetle (Lair:5)
  A catoblepas (Lair:3)
  6 death yaks (Lair:5)
  A two-headed ogre (D:10)
  A skyshark (Lair:2)
  2 lindwurms (Lair:5)
  4 black mambas
  28 elephants
  Joseph (D:9)
  10 cane toads
  Maggie (D:7)
  2 torpor snails (Lair:5)
  3 rime drakes
  An unseen horror (D:9)
  A kobold demonologist (D:10)
  8 komodo dragons
  A troll (D:10)
  3 polar bears (Lair:5)
  A meliai (Lair:2)
  7 hornets
  Grinder (D:3)
  A dream sheep (Lair:5)
  13 blink frogs (Lair:5)
  13 spriggans (Lair:5)
  Sigmund (D:5)
  28 yaks
  8 wyverns
  5 basilisks
  Grum (Lair:1)
  A steam dragon (D:6)
  5 vampire mosquitoes (Lair:2)
  An acid dragon (D:8)
  14 water moccasins
  An orc warrior (D:8)
  13 black bears
  2 ice beasts
  33 wolves
  5 ogres
  4 boggarts (Lair:5)
  3 centaurs
  A gnoll sergeant (D:9)
  9 bullfrogs
  Blork the orc (D:5)
  5 scorpions
  7 wights
  9 killer bees
  4 hounds
  A gnoll bouda (D:7)
  3 jellies
  3 orc priests
  A sleepcap (D:6)
  Terence (D:3)
  Natasha (D:3)
  An iguana (D:6)
  10 orc wizards
  9 adders
  21 gnolls
  A shadow imp (D:6)
  3 white imps
  An ufetubus (D:4)
  2 dart slugs
  33 orcs
  7 endoplasms
  4 giant cockroaches
  3 goblins
  8 hobgoblins
  A kobold (D:1)
  5 quokkas
  8 ball pythons
  4 bats
  4 frilled lizards
  7 rats
418 creatures vanquished.

Vanquished Creatures (others)
  A bush (Lair:5)
  52 fungi
  40 plants
93 creatures vanquished.

Grand Total: 511 creatures vanquished

Notes
Turn   | Place    | Note
-------+----------+-------------------------------------------
     0 | D:1      | Ic0nGaming the Kobold Fighter began the quest for the Orb.
     0 | D:1      | Reached XP level 1. HP: 14/14 MP: 1/1
   183 | D:1      | Reached skill level 1 in Stealth
   183 | D:1      | Reached XP level 2. HP: 19/19 MP: 2/2
   651 | D:1      | Reached skill level 1 in Maces & Flails
  1074 | D:2      | Found Zirewuos's Distillery.
  1092 | D:2      | Reached XP level 3. HP: 22/23 MP: 3/3
  1096 | D:2      | Bought a potion of berserk rage for 65 gold pieces
  1096 | D:2      | Bought a potion of curing for 39 gold pieces
  1384 | D:2      | Reached XP level 4. HP: 28/28 MP: 4/4
  1755 | D:2      | Reached XP level 5. HP: 32/32 MP: 5/5
  1805 | D:2      | Bought a potion of attraction for 39 gold pieces
  1819 | D:3      | Noticed Grinder
  1825 | D:3      | Paralysed by Grinder for 3 turns
  1830 | D:3      | Killed Grinder
  1831 | D:3      | Reached skill level 5 in Maces & Flails
  1831 | D:3      | Reached XP level 6. HP: 18/37 MP: 6/6
  1837 | D:2      | HP: 1/37 [something (3)]
  2259 | D:3      | Noticed Natasha
  2261 | D:3      | Noticed Terence
  2265 | D:3      | Killed Natasha
  2266 | D:3      | Reached XP level 7. HP: 41/41 MP: 7/7
  2268 | D:3      | Killed Terence
  2334 | D:3      | Found a basalt altar of Yredelemnul.
  3862 | D:4      | Found a staircase to the Ecumenical Temple.
  3921 | Temple   | Entered the Ecumenical Temple
  4091 | Temple   | Became a worshipper of Warmaster Okawaru
  4119 | D:5      | Entered Level 5 of the Dungeon
  4366 | D:5      | Found a snail-covered altar of Cheibriados.
  4367 | D:5      | Found a broken altar of Ashenzari.
  4371 | D:5      | Found a hazy altar of Hepliaklqana.
  4383 | D:5      | Found a blossoming altar of Fedhas.
  4461 | D:5      | Noticed Sigmund
  4461 | D:5      | Noticed Blork the orc
  4469 | D:5      | Killed Blork the orc
  4491 | D:5      | Killed Sigmund
  4492 | D:5      | Reached XP level 8. HP: 12/46 MP: 8/8
  4785 | D:5      | Reached skill level 1 in Invocations
  4931 | D:5      | Reached * piety under Okawaru
  5082 | D:5      | Identified the +2 robe of Quef {Str+3}
  5279 | D:6      | Reached skill level 1 in Axes
  5567 | D:6      | Reached skill level 2 in Axes
  5602 | D:6      | Reached XP level 9. HP: 38/51 MP: 8/11
  5701 | D:6      | Reached skill level 3 in Axes
  5829 | D:6      | Reached skill level 4 in Axes
  6149 | D:6      | Reached skill level 5 in Axes
  6456 | D:6      | Found a glowing golden altar of the Shining One.
  6471 | D:7      | Reached ** piety under Okawaru
  6595 | D:7      | Reached skill level 6 in Axes
  6644 | D:7      | Reached XP level 10. HP: 55/56 MP: 13/13
  6825 | D:7      | Reached skill level 7 in Axes
  6825 | D:7      | Reached skill level 1 in Evocations
  6847 | D:7      | Reached *** piety under Okawaru
  7145 | D:7      | Noticed Maggie
  7153 | D:7      | Killed Maggie
  7154 | D:7      | Reached skill level 8 in Axes
  7811 | D:8      | Noticed an elephant
  7958 | D:8      | Killed an elephant
  7962 | D:8      | Found a staircase to the Lair.
  7987 | D:8      | Reached skill level 5 in Evocations
  8023 | D:8      | Reached **** piety under Okawaru
  8344 | D:8      | Reached skill level 9 in Axes
  8575 | D:8      | Reached XP level 11. HP: 60/60 MP: 14/14
  8875 | D:9      | Noticed a centaur warrior
  8966 | Lair:1   | Entered Level 1 of the Lair of Beasts
  9099 | Lair:1   | Noticed a six-headed hydra
  9104 | Lair:1   | Killed a six-headed hydra
  9104 | Lair:1   | Reached ***** piety under Okawaru
  9261 | Lair:1   | Noticed Grum
  9269 | Lair:1   | Killed Grum
  9388 | Lair:1   | Reached skill level 5 in Fighting
  9388 | Lair:1   | Reached skill level 10 in Axes
 10486 | Lair:2   | Found a hole to the Spider Nest.
 10491 | Lair:2   | Identified the +0 ring mail "Yfidua" {+Blink} (Okawaru
                  | gifted it to you on level 2 of the Lair of Beasts)
 10491 | Lair:2   | Received a gift from Okawaru
 10659 | Lair:2   | Found a staircase to the Swamp.
 10659 | Lair:2   | Noticed a five-headed hydra
 10671 | Lair:2   | Killed a five-headed hydra
 10672 | Lair:2   | Reached skill level 11 in Axes
 10966 | Lair:2   | Reached XP level 12. HP: 61/71 MP: 15/15
 11007 | Lair:2   | Found the +0 pair of fencer's gloves {Riposte Dex+3}
 11096 | Lair:2   | Noticed a skyshark
 11104 | Lair:2   | Killed a skyshark
 11112 | Lair:2   | Identified the +6 spear of Departure {freeze, rF+ SInv
                  | Stlth+}
 12083 | Lair:3   | Noticed a catoblepas
 12096 | Lair:3   | Killed a catoblepas
 12097 | Lair:3   | Reached skill level 12 in Axes
 12346 | Lair:3   | Found a runed translucent door.
 12347 | Lair:3   | Noticed CryoSword's ghost (journeyman DsMo)
 12367 | Lair:3   | Killed CryoSword's ghost
 12785 | Lair:4   | Reached skill level 13 in Axes
 12799 | Lair:4   | Reached XP level 13. HP: 60/76 MP: 16/16
 13266 | Lair:4   | Found a viscous altar of Jiyva.
 13320 | Lair:4   | Found a staircase to the Slime Pits.
 13686 | Lair:4   | Reached skill level 14 in Axes
 13736 | Lair:5   | Entered Level 5 of the Lair of Beasts
 13863 | Lair:5   | Reached ****** piety under Okawaru
 13863 | Lair:5   | Identified the +5 hand axe of Fear {venom, rPois Stlth+}
                  | (Okawaru gifted it to you on level 5 of the Lair of Beasts)
 13863 | Lair:5   | Received a gift from Okawaru
 13929 | Lair:5   | Reached skill level 15 in Axes
 13965 | Lair:5   | Identified the +6 broad axe of the Doomed God {drain,
                  | *Noise Drain rC+++ SInv} (Okawaru gifted it to you on level
                  | 5 of the Lair of Beasts)
 13965 | Lair:5   | Received a gift from Okawaru
 14148 | Lair:5   | Reached XP level 14. HP: 79/80 MP: 17/17
 14229 | Lair:5   | Reached skill level 10 in Evocations
 14328 | Lair:5   | Got the Reference Book on Atmospheric Adjuration
 14349 | Lair:5   | Paralysed by a hornet for 3 turns
 14480 | Lair:5   | Reached skill level 5 in Invocations
 14598 | Lair:5   | Identified the +0 scale mail "Ukumifaq" {Stlth+} (Okawaru
                  | gifted it to you on level 5 of the Lair of Beasts)
 14598 | Lair:5   | Received a gift from Okawaru
 15237 | Lair:5   | Found a snail-covered altar of Cheibriados.
 15340 | Lair:5   | Reached skill level 10 in Invocations
 15599 | D:9      | Noticed Harold
 15614 | D:9      | Killed Harold
 15756 | D:9      | Found an opulent altar of Gozag.
 15813 | D:9      | Noticed Joseph
 15825 | D:9      | Killed Joseph
 16087 | D:10     | Entered Level 10 of the Dungeon
 16225 | D:10     | Reached XP level 15. HP: 66/85 MP: 23/23
 16265 | D:10     | Found a staircase to the Orcish Mines.
 16277 | D:10     | a six-headed hydra changed into a storm dragon
 16277 | D:10     | Noticed a storm dragon
 16293 | D:10     | Killed from afar by a storm dragon

Illustrated notes

Levels and vault maps discovered:
D:1:      dpeg_arrival_prison, layout_basic
D:2:      minmay_alternating_diamond, layout_loops_ring, serial_shops,
          nicolae_shop_waterfront, grunt_ministairs_14
D:3:      layout_rooms, nicolae_overflow_hidden_temple, uniq_terence,
          uniq_grinder, uniq_natasha
D:4:      layout_basic, temple_doors_ab, minmay_bisected
D:5:      layout_basic, grunt_temple_overflow_open, kennysheep_generic_room_16,
          uniq_sigmund, uniq_blork_the_orc
D:6:      layout_cave_pools, kennysheep_mini_moat, minmay_crossroads
D:7:      layout_loops_corners, uniq_maggie
D:8:      layout_loops_ring, david_lair_generic
D:9:      layout_long_grid, nicolae_gozag_seed_capital, uniq_harold, uniq_joseph
D:10:     layout_irregular_city, mainiacjoe_overflow_concentric_impassable,
          nicolae_overflow_two_pavilions, david_orc_2, due_unseen_surprise,
          uniq_lodul
Temple:   hellmonk_temple_flake
Lair:1:   layout_hall_layers, uniq_grum
Lair:2:   layout_cellular_growth, minmay_swamp_entry_swarm,
          hellmonk_spider_entry_not_the_bees
Lair:3:   layout_gridlike, gammafunk_ghost_grave,
          grunt_forest_small_clearing_treed, grunt_megastairs_5
Lair:4:   layout_regular_city, minmay_slime_entry_oklob_open, grunt_megastairs_1
Lair:5:   minmay_lair_end_enchanted_forest, layout_misc_corridors,
          kennysheep_snail_temple

Skill      XL: |  1  2  3  4  5  6  7  8  9 10 11 12 13 14 |
---------------+-------------------------------------------+-----
Short Blades   | 3 |  3.4
Stealth        | 1 |  1.2
Maces & Flails | 1 2 3 5 7 8 |  8.3
Invocations    | 3 4 11 | 11.0
Axes           | 2 6 9 11 13 15 | 15.4
Evocations     | 5 8 9 10 | 10.7
Fighting       | 6 |  6.7
Armour         | |  2.5
Dodging        | |  0.7
Shields        | |  2.5

Action                     |  1- 3 |  4- 6 |  7- 9 | 10-12 | 13-15 || total
---------------------------+-------+-------+-------+-------+-------++-------
  Melee: Rapier            |    31 |       |       |       |       ||    31
         Whip              |    76 |    85 |   174 |       |       ||   335
         War axe           |       |       |   128 |   423 |   561 ||  1112
  Throw: Boomerang         |       |       |       |     1 |       ||     1
 Invoke: Heroism           |       |       |     6 |    13 |    18 ||    37
  Evoke: Wand              |       |       |     2 |    15 |    15 ||    32
    Use: Scroll            |     5 |     1 |     6 |    10 |     7 ||    29
         Potion            |       |     5 |     1 |     4 |     8 ||    18
   Stab: Sleeping          |     5 |     1 |       |    14 |     6 ||    26
         Distracted        |       |       |       |     1 |     5 ||     6
 Armour: Scale mail        |    57 |    46 |    99 |       |       ||   202
         Skin              |       |    15 |       |       |       ||    15
         Chain mail        |       |       |    59 |    11 |       ||    70
         Swamp dragon scal |       |       |       |   180 |   240 ||   420
  Dodge: Dodged            |    56 |    31 |   117 |   216 |   275 ||   695
  Block: Buckler           |    26 |    24 |    72 |   135 |   187 ||   444
Riposte: War axe           |       |       |       |    29 |   123 ||   152

Table legend: (Time is in decaauts)
 A = Elapsed time spent in this place.
 B = Non-inter-level travel time spent in this place.
 C = Inter-level travel time spent in this place.
 D = Time resting spent in this place.
 E = Time spent auto-exploring this place.
 F = Levels seen in this place.
 G = Mean time per level.
                   A        B        C        D        E       F      G
               +--------+--------+--------+--------+--------+-----+--------+
         Total |  16197 |  15546 |    651 |   2413 |  10092 |  16 | 1012.3 |
       Dungeon |   9561 |   9127 |    434 |   1527 |   5895 |  10 |  956.1 |
        Temple |    181 |    170 |     11 |      0 |    138 |   1 |  181.0 |
          Lair |   6454 |   6250 |    204 |    886 |   4059 |   5 | 1290.8 |
               +--------+--------+--------+--------+--------+-----+--------+

Top non-repeatable levels by time:
  Lair:5: 1528 daAuts
  Lair:2: 1507 daAuts
     D:4: 1438 daAuts
  Lair:4: 1347 daAuts
  Lair:1: 1283 daAuts
     D:7: 1237 daAuts
     D:5: 1111 daAuts
     D:6: 1055 daAuts
     D:2: 1017 daAuts
     D:8: 1015 daAuts
     D:1: 966 daAuts
     D:9: 804 daAuts
  Lair:3: 788 daAuts
     D:3: 722 daAuts
    D:10: 193 daAuts
